 Dungeon Crawl Stone Soup version 0.28-a0-128-gcbb86046cc (webtiles) character file.

Game seed: 9688800295689489814

141 a11behringer the Chopper (level 5, -1/44 HPs)
             Began as a Palentonga Berserker on Aug 15, 2021.
             Was a Believer of Trog.
             Slain by a gnoll (5 damage)
             ... on level 2 of the Dungeon.
             The game lasted 00:22:37 (1600 turns).

a11behringer the Chopper (Palentonga Berserker)     Turns: 1600, Time: 00:22:38

Health: -1/44      AC:  6    Str: 22    XL:     5   Next: 3%
Magic:  5/5        EV:  8    Int:  7    God:    Trog [**....]
Gold:   79         SH:  0    Dex:  9    Spells: 4/4 levels left

rFire   . . .      SeeInvis +   h - +0 war axe
rCold   . . .      Faith    .   (no shield)
rNeg    . . .      Spirit   .   c - +0 scale mail
rPois   .          Reflect  .   (no helmet)
rElec   .          Harm     .   (no cloak)
rCorr   .          Rampage  .   (no gloves)
Will    .....                   (no barding)
Stlth   ..........              (no amulet)
HPRegen 0.14/turn               (no ring)
MPRegen 0.09/turn               (no ring)

@: no status effects
A: large, rugged brown scales 3, see invisible, deformed body, roll 1, armoured
tail
a: Rolling Charge, Renounce Religion, Berserk, Trog's Hand


You were on level 2 of the Dungeon.
You worshipped Trog.
Trog was pleased with you.
You visited 1 branch of the dungeon, and saw 4 of its levels.

You collected 79 gold pieces.

Inventory:

Hand Weapons
 a - a +0 hand axe
 h - a +0 war axe (weapon)
Armour
 b - a +0 animal skin
 c - a +0 scale mail (worn)
Scrolls
 d - 2 scrolls of identify
 i - a scroll of enchant weapon {unknown}
 j - 3 scrolls of teleportation
Potions
 e - a potion of curing
 f - a potion of might {unknown}
 g - a potion of flight {unknown}


   Skills:
 + Level 3.7 Fighting
 + Level 4.3 Axes
 + Level 2.4 Armour
 + Level 2.0 Dodging
 + Level 0.3 Stealth


You had 4 spell levels left.
You didn't know any spells.
Your spell library was empty.

Dungeon Overview and Level Annotations

Branches:
Dungeon (4/15)
 Temple: D:4-7

Altars:
Kikubaaqudgha


Innate Abilities, Weirdness & Mutations

You are completely covered in rugged brown scales. (AC +3, +7% HP)
You have supernaturally acute eyesight. (SInv)
Armour fits poorly on your strangely shaped body.
You can roll at nearby foes to attack.
You have a long armoured tail.


Message History

You see here a bat corpse.
You see here a bat corpse.
There is a stone staircase leading up here.
You climb upwards.
There is a stone staircase leading down here.
A gnoll comes into view. It is wielding a +0 flail.
An endoplasm comes into view.
The endoplasm quivers.
A gnoll comes into view. It is wielding a +0 spear.
The gnoll shouts!
You hear an angry hiss.
You closely miss the gnoll.
Your tail-slap misses the gnoll.
A gnoll comes into view. It is wielding a +0 club.
The gnoll closely misses you. The gnoll hits you but does no damage.
You hit the gnoll.
Your tail-slap misses the gnoll.
The gnoll is moderately wounded.
The gnoll hits you but does no damage.
The gnoll hits you from afar with a +0 spear.
You hit the gnoll.
The gnoll is heavily wounded.
The gnoll closely misses you. x2
The gnoll barely misses you. The gnoll misses you. The gnoll barely misses you.
The gnoll hits you from afar with a +0 spear.
The gnoll hits you with a +0 flail. The gnoll hits you with a +0 flail.
You barely miss the gnoll. You hit the gnoll.
The gnoll hits you but does no damage.
The gnoll hits you from afar with a +0 spear!
The gnoll barely misses you.
You slash the gnoll!
The gnoll is heavily wounded.
You closely miss the gnoll. The gnoll hits you with a +0 club.
* * * LOW HITPOINT WARNING * * *
The gnoll hits you from afar with a +0 spear.
* * * LOW HITPOINT WARNING * * *
The gnoll hits you with a +0 flail.
* * * LOW HITPOINT WARNING * * *
The gnoll hits you with a +0 club.
* * * LOW HITPOINT WARNING * * *
The gnoll hits you from afar with a +0 spear.
You die...

#.#.#.#.##.#.8.#...
#.#...##..#'...#..♣
..##############..♣
### #.## ##.♣ ..
#..#####..♣ ###
##........♣ ###
##.....#.♣♣#
..#####
#.....#gg.##♣'♣
#.....#
#>....@gJ.......
......#
#.....##........
#######
################


You could see 3 gnolls and an endoplasm.

Vanquished Creatures
  A centaur skeleton (D:4)
  A bullfrog skeleton (D:3)
  An adder (D:2)
  4 worms
  3 dart slugs (D:1)
  7 ball pythons
  8 bats
  5 endoplasms
  2 giant cockroaches (D:2)
  5 goblins
  6 hobgoblins
  3 kobolds
  A quokka (D:1)
  4 frilled lizards
  2 rats (D:2)
53 creatures vanquished.

Vanquished Creatures (others)
  13 plants (D:2)
13 creatures vanquished.

Grand Total: 66 creatures vanquished

Notes
Turn   | Place    | Note
-------+----------+-------------------------------------------
     0 | D:1      | a11behringer the Palentonga Berserker began the quest for
                  | the Orb.
     0 | D:1      | Reached XP level 1. HP: 19/19 MP: 1/1
   118 | D:1      | Reached XP level 2. HP: 18/25 MP: 2/2
   368 | D:1      | Reached ** piety under Trog
   706 | D:2      | Reached XP level 3. HP: 31/31 MP: 3/3
  1300 | D:3      | Found an ancient bone altar of Kikubaaqudgha.
  1345 | D:3      | Reached XP level 4. HP: 32/38 MP: 4/4
  1368 | D:3      | Reached skill level 4 in Axes
  1520 | D:4      | Reached XP level 5. HP: 42/44 MP: 5/5
  1600 | D:2      | Slain by a gnoll

Illustrated notes

Levels and vault maps discovered:
D:1:      dpeg_arrival_shelter, layout_basic
D:2:      minmay_chambers_of_ones, layout_rooms,
          dilly_ecumenical_altar_fadedgnrine, grunt_ministairs_13,
          minmay_pentomino_q2
D:3:      layout_loops_ring, mainiacjoe_overflow_small_starburst,
          lemuel_doored_altar, uniq_crazy_yiuf_cottage
D:4:      layout_cave_pools, nicolae_overflow_crystal_walls, minmay_bisected,
          uniq_eustachio, uniq_robin, uniq_duvessa, uniq_edmund

Skill      XL: |  1  2  3  4 |
---------------+-------------+-----
Armour         | 2 |  2.4
Axes           | 4 |  4.3
Dodging        | 2 |  2.0
Fighting       | |  3.7
Stealth        | |  0.3

Action                   |  1- 3 |  4- 6 || total
-------------------------+-------+-------++-------
Melee: Hand axe          |   112 |       ||   112
       Tailslap          |    10 |    10 ||    20
       War axe           |     5 |    40 ||    45
Invok: Berserk           |     1 |       ||     1
       Trog's Hand       |       |     1 ||     1
 Abil: Rolling Charge    |     2 |     6 ||     8
  Use: Scroll            |     2 |       ||     2
       Potion            |     1 |       ||     1
Armor: Animal skin       |     6 |       ||     6
       Scale mail        |    50 |    25 ||    75
Dodge: Dodged            |    50 |    26 ||    76

Table legend: (Time is in decaauts)
 A = Elapsed time spent in this place.
 B = Non-inter-level travel time spent in this place.
 C = Inter-level travel time spent in this place.
 D = Time resting spent in this place.
 E = Time spent auto-exploring this place.
 F = Levels seen in this place.
 G = Mean time per level.
                   A        B        C        D        E       F      G
               +--------+--------+--------+--------+--------+-----+--------+
         Total |   1643 |    482 |   1161 |      0 |      0 |   4 |  410.8 |
       Dungeon |   1643 |    482 |   1161 |      0 |      0 |   4 |  410.8 |
               +--------+--------+--------+--------+--------+-----+--------+

Top non-repeatable levels by time:
     D:1: 709 daAuts
     D:2: 639 daAuts
     D:3: 275 daAuts
     D:4: 18 daAuts
